| TOP OF THE 1ST |
|
Texas Rangers batting - Pitching for California Angels : RHP Jonathan Jackson
|
|
Pitching: RHP Jonathan Jackson
|
|
|
Batting: LHB Sean Geisler
|
0-0: Ball 1-0: Ball 2-0: Called Strike 2-1: Swinging Strike 2-2: Foul Ball, location: 2F 2-2: Foul Ball, location: 2F 2-2: Ball 3-2: Foul Ball, location: 2F 3-2: Foul Ball, location: 2F 3-2: Fly out, F3 (Line Drive, 3, EV 70.0 MPH)
|
|
Batting: RHB Marc Peckermark
|
0-0: Called Strike 0-1: Hit by Pitch
|
|
Batting: RHB Zhao-ji Chi
|
0-0: Ball 1-0: Called Strike 1-1: Grounds into double play, 6-4-3 (Groundball, 6, EV 86.2 MPH)
|
| Top of the 1st over - 0 runs, 0 hits, 0 errors, 0 left on base; Texas 0 - California 0 |
| BOTTOM OF THE 1ST |
|
California Angels batting - Pitching for Texas Rangers : LHP Ragnar Danielsson
|
|
Pitching: LHP Ragnar Danielsson
|
|
|
Batting: LHB Rusty Ney
|
0-0: Called Strike 0-1: Ground out U3 (Groundball, 34, EV 105.6 MPH)
|
|
Batting: RHB Nick Dunn
|
0-0: Ball 1-0: Foul Ball, location: 2F 1-1: Foul Ball, location: 2F 1-2: Ball 2-2: Foul Ball, location: 2F 2-2: Ball 3-2: Base on Balls
|
|
Batting: RHB Preston Deakyne
|
0-0: Swinging Strike 0-1: Ground out 5-3 (Groundball, 56S, EV 66.9 MPH) Nick Dunn to second
|
|
Batting: LHB Mark Reeg
|
0-0: Ground out 4-3 (Groundball, 4, EV 101.2 MPH)
|
| Bottom of the 1st over - 0 runs, 0 hits, 0 errors, 1 left on base; Texas 0 - California 0 |
| TOP OF THE 2ND |
|
Texas Rangers batting - Pitching for California Angels : RHP Jonathan Jackson
|
|
Batting: RHB Imbart Faber
|
0-0: Called Strike 0-1: Called Strike 0-2: Ball 1-2: Foul Ball, location: 2F 1-2: Ball 2-2: Fly out, F9 (Flyball, 89M, EV 78.1 MPH)
|
|
Batting: RHB Travis Robinson
|
0-0: SINGLE (Groundball, 56D, EV 102.5 MPH)
|
|
Batting: RHB Masashi Yukizawa
|
0-0: Ball 1-0: Ball 2-0: Called Strike 2-1: Ball 3-1: SINGLE (Line Drive, 9S, EV 106.2 MPH) Travis Robinson to second
|
|
Batting: SHB Tony Prado
|
0-0: Called Strike 0-1: Called Strike 0-2: Ball 1-2: Foul Ball, location: 2F 1-2: Strikes out swinging
|
|
Batting: RHB Hiroshige Yamada
|
0-0: Ball 1-0: Foul Ball, location: 2F 1-1: Swinging Strike 1-2: Ball 2-2: Foul Ball, location: 2F 2-2: Ball 3-2: Strikes out looking
|
| Top of the 2nd over - 0 runs, 2 hits, 0 errors, 2 left on base; Texas 0 - California 0 |
| BOTTOM OF THE 2ND |
|
California Angels batting - Pitching for Texas Rangers : LHP Ragnar Danielsson
|
|
Batting: RHB Alain Delhaye
|
0-0: Foul Ball, location: 2F 0-1: Called Strike 0-2: SINGLE (Groundball, 5L, EV 96.9 MPH)
|
|
Batting: RHB Avery Maxwell
|
0-0: Foul Ball, location: 2F 0-1: Foul Ball, location: 2F 0-2: Foul Ball, location: 2F 0-2: TRIPLE (Flyball, 89XD, EV 94.4 MPH) Alain Delhaye scores
|
|
Batting: LHB Micah Miller
|
0-0: Ball 1-0: Called Strike 1-1: Swinging Strike 1-2: Foul Ball, location: 2F 1-2: Strikes out looking
|
|
Batting: LHB Jonathon Walton
|
0-0: Called Strike 0-1: Ball 1-1: Foul Ball, location: 2F 1-2: Ground out 4-3 (Groundball, 34, EV 110.6 MPH) Avery Maxwell scores
|
|
Batting: RHB Ryan Munro
|
0-0: Ground out 6-3 (Groundball, 6M, EV 83.8 MPH)
|
| Bottom of the 2nd over - 2 runs, 2 hits, 0 errors, 0 left on base; Texas 0 - California 2 |
| TOP OF THE 3RD |
|
Texas Rangers batting - Pitching for California Angels : RHP Jonathan Jackson
|
|
Batting: LHB Jake Rheaume
|
0-0: Ball 1-0: Ground out 3-1 (Groundball, 34S, EV 93.1 MPH)
|
|
Batting: LHB Sean Geisler
|
0-0: Ball 1-0: Called Strike 1-1: Ball 2-1: Ball 3-1: Base on Balls
|
|
Batting: RHB Marc Peckermark
|
0-0: Foul Ball, location: 2F 0-1: Fly out, F6 (Popup, 6M, EV 73.1 MPH)
|
|
Batting: RHB Zhao-ji Chi
|
0-0: Called Strike 0-1: Fly out, F8 (Flyball, 78S, EV 95.0 MPH)
|
| Top of the 3rd over - 0 runs, 0 hits, 0 errors, 1 left on base; Texas 0 - California 2 |
| BOTTOM OF THE 3RD |
|
California Angels batting - Pitching for Texas Rangers : LHP Ragnar Danielsson
|
|
Batting: LHB Rusty Ney
|
0-0: Called Strike 0-1: Foul Ball, location: 2F 0-2: Ball 1-2: Fly out, F8 (Flyball, 78M, EV 86.9 MPH)
|
|
Batting: RHB Nick Dunn
|
0-0: Swinging Strike 0-1: Ball 1-1: Ball 2-1: Ball 3-1: Base on Balls
|
|
Batting: RHB Preston Deakyne
|
0-0: Called Strike 0-1: Fly out, F8 (Flyball, 8LM, EV 91.2 MPH)
|
|
Batting: LHB Mark Reeg
|
0-0: Ball 1-0: Foul Ball, location: 2F 1-1: Fly out, F4 (Flyball, 4D, EV 85.0 MPH)
|
| Bottom of the 3rd over - 0 runs, 0 hits, 0 errors, 1 left on base; Texas 0 - California 2 |
| TOP OF THE 4TH |
|
Texas Rangers batting - Pitching for California Angels : RHP Jonathan Jackson
|
|
Batting: RHB Imbart Faber
|
0-0: Called Strike 0-1: Ball 1-1: SINGLE (Groundball, 56, EV 101.2 MPH)
|
|
Batting: RHB Travis Robinson
|
0-0: Ball Wild Pitch! Imbart Faber to second 1-0: Ground out 1-3 (Groundball, P, EV 70.6 MPH) Imbart Faber to third
|
|
Batting: RHB Masashi Yukizawa
|
0-0: Fly out, F9 (Flyball, 9D, EV 90.6 MPH) Runner from 3rd tags up, SCORES, no throw by RF
|
|
Batting: SHB Tony Prado
|
0-0: Called Strike 0-1: Called Strike 0-2: Foul Ball, location: 2F 0-2: Reached on error, E4 (Groundball, 4, EV 104.4 MPH)
|
|
Batting: RHB Hiroshige Yamada
|
0-0: Ball 1-0: Called Strike 1-1: Ball Pickoff Throw by Catcher to First - Error! E2 Tony Prado to second 2-1: Called Strike 2-2: Ball 3-2: Base on Balls
|
|
Batting: LHB Jake Rheaume
|
0-0: Ball 1-0: Foul Ball, location: 2F 1-1: Swinging Strike 1-2: 3-RUN HOME RUN (Flyball, 9LD, EV 96.2 MPH), Distance : 346 ft
|
|
Batting: LHB Sean Geisler
|
0-0: Fly out, F7 (Flyball, 7, EV 78.8 MPH)
|
| Top of the 4th over - 4 runs, 2 hits, 2 errors, 0 left on base; Texas 4 - California 2 |
| BOTTOM OF THE 4TH |
|
California Angels batting - Pitching for Texas Rangers : LHP Ragnar Danielsson
|
|
Batting: RHB Alain Delhaye
|
0-0: Ball 1-0: Ball 2-0: Ball 3-0: SINGLE (Line Drive, 7S, EV 92.5 MPH)
|
|
Batting: RHB Avery Maxwell
|
0-0: Ball 1-0: Called Strike 1-1: Foul Ball, location: 2F 1-2: Fly out, F9 (Flyball, 89M, EV 90.0 MPH)
|
|
Batting: LHB Micah Miller
|
0-0: Ball 1-0: SINGLE (Line Drive, 3D, EV 100.0 MPH) Alain Delhaye to second
|
|
Batting: LHB Jonathon Walton
|
0-0: Fielders Choice at 2nd, 4-6 (Groundball, 4, EV 88.1 MPH) Alain Delhaye to third
|
|
Batting: RHB Ryan Munro
|
0-0: Ball 1-0: Ball 2-0: Ground out 4-3 (Groundball, 34S, EV 93.1 MPH)
|
| Bottom of the 4th over - 0 runs, 2 hits, 0 errors, 2 left on base; Texas 4 - California 2 |
| TOP OF THE 5TH |
|
Texas Rangers batting - Pitching for California Angels : RHP Jonathan Jackson
|
|
Batting: RHB Marc Peckermark
|
0-0: Ball 1-0: Ground out U3 (Groundball, 3S, EV 73.8 MPH)
|
|
Batting: RHB Zhao-ji Chi
|
0-0: Ball 1-0: SINGLE (Groundball, 34D, EV 100.6 MPH)
|
|
Batting: RHB Imbart Faber
|
0-0: Ball 1-0: Foul Ball, location: 2F 1-1: Fielders Choice at 2nd, 1-4 (Groundball, 15S, EV 66.9 MPH)
|
|
Batting: RHB Travis Robinson
|
0-0: Ball 1-0: 2-RUN HOME RUN (Flyball, 7D, EV 98.8 MPH), Distance : 362 ft
|
|
Pitching: RHP Chris Russell
|
|
|
Batting: RHB Masashi Yukizawa
|
0-0: Ball 1-0: Swinging Strike 1-1: Ground out U3 (Groundball, 34, EV 103.8 MPH)
|
| Top of the 5th over - 2 runs, 2 hits, 0 errors, 0 left on base; Texas 6 - California 2 |
| BOTTOM OF THE 5TH |
|
California Angels batting - Pitching for Texas Rangers : LHP Ragnar Danielsson
|
|
Batting: LHB Rusty Ney
|
0-0: Ball 1-0: Fly out, F5 (Popup, 5SF, EV 73.1 MPH)
|
|
Batting: RHB Nick Dunn
|
0-0: Called Strike 0-1: Swinging Strike 0-2: Ground out 6-3 (Groundball, 6, EV 93.8 MPH)
|
|
Batting: RHB Preston Deakyne
|
0-0: Ball 1-0: Fly out, F4 (Line Drive, 4, EV 73.8 MPH)
|
| Bottom of the 5th over - 0 runs, 0 hits, 0 errors, 0 left on base; Texas 6 - California 2 |
| TOP OF THE 6TH |
|
Texas Rangers batting - Pitching for California Angels : RHP Chris Russell
|
|
Batting: SHB Tony Prado
|
0-0: Ball 1-0: Ball 2-0: Called Strike 2-1: Called Strike 2-2: Foul Ball, location: 2F 2-2: Ball 3-2: Strikes out swinging
|
|
Batting: RHB Hiroshige Yamada
|
0-0: SINGLE (Line Drive, 3D, EV 97.5 MPH)
|
|
Batting: LHB Jake Rheaume
|
0-0: Ball 1-0: Called Strike 1-1: Called Strike 1-2: Ball 2-2: Foul Ball, location: 2F 2-2: Foul Ball, location: 2F 2-2: Ball 3-2: Foul Ball, location: 2F 3-2: Strikes out looking
|
|
Batting: LHB Sean Geisler
|
0-0: Called Strike 0-1: Foul Ball, location: 2F 0-2: Hit by Pitch Hiroshige Yamada to second
|
|
Batting: RHB Marc Peckermark
|
0-0: Called Strike 0-1: Foul Ball, location: 2F 0-2: Fly out, F8 (Flyball, 89M, EV 93.1 MPH)
|
| Top of the 6th over - 0 runs, 1 hit, 0 errors, 2 left on base; Texas 6 - California 2 |
| BOTTOM OF THE 6TH |
|
California Angels batting - Pitching for Texas Rangers : LHP Ragnar Danielsson
|
|
Batting: LHB Mark Reeg
|
0-0: Foul Ball, location: 2F 0-1: Ball 1-1: Foul Ball, location: 2F 1-2: DOUBLE (Line Drive, 8RXD, EV 112.5 MPH)
|
|
Batting: RHB Alain Delhaye
|
0-0: Ground out 5-3 (Groundball, 56S, EV 86.9 MPH)
|
|
Batting: RHB Avery Maxwell
|
0-0: Called Strike 0-1: Ball 1-1: Ball 2-1: Ball 3-1: Hit by Pitch
|
|
Batting: LHB Micah Miller
|
0-0: Fly out, F8 (Line Drive, 78M, EV 86.2 MPH)
|
|
Batting: LHB Jonathon Walton
|
0-0: Ball 1-0: Ball 2-0: Ground out U3 (Groundball, 34S, EV 91.9 MPH)
|
| Bottom of the 6th over - 0 runs, 1 hit, 0 errors, 2 left on base; Texas 6 - California 2 |
| TOP OF THE 7TH |
|
Texas Rangers batting - Pitching for California Angels : RHP Chris Russell
|
|
Pitching: LHP Steve Cooper
|
|
|
Batting: RHB Zhao-ji Chi
|
0-0: Ground out 6-3 (Groundball, 6M, EV 90.0 MPH)
|
|
Batting: RHB Imbart Faber
|
0-0: Ball 1-0: Foul Ball, location: 2F 1-1: Called Strike 1-2: Foul Ball, location: 2F 1-2: Ball 2-2: Ball 3-2: Base on Balls
|
|
Batting: RHB Travis Robinson
|
0-0: Called Strike 0-1: Ball 1-1: Foul Ball, location: 2F 1-2: Strikes out swinging
|
|
Batting: RHB Masashi Yukizawa
|
0-0: Foul Ball, location: 2F 0-1: SINGLE (Groundball, 3D, EV 102.5 MPH) Imbart Faber to second Runner from 2nd tries for 3rd, SAFE, throw by RF made to third
|
|
Batting: SHB Tony Prado
|
0-0: Ball 1-0: Ball 2-0: Foul Ball, location: 2F 2-1: Foul Ball, location: 2F 2-2: Foul Ball, location: 2F 2-2: Foul Ball, location: 2F 2-2: Ball 3-2: Ground out 6-3 (Groundball, 6, EV 104.4 MPH)
|
| Top of the 7th over - 0 runs, 1 hit, 0 errors, 2 left on base; Texas 6 - California 2 |
| BOTTOM OF THE 7TH |
|
California Angels batting - Pitching for Texas Rangers : LHP Ragnar Danielsson
|
|
Batting: RHB Ryan Munro
|
0-0: Foul Ball, location: 2F 0-1: Swinging Strike 0-2: Ball 1-2: Fly out, F3 (Popup, 34S, EV 85.6 MPH)
|
|
Batting: LHB Rusty Ney
|
0-0: Ball 1-0: Called Strike 1-1: Ball 2-1: Called Strike 2-2: SINGLE (Line Drive, 8RS, EV 88.8 MPH)
|
|
Batting: RHB Nick Dunn
|
0-0: Called Strike 0-1: Fly out, F9 (Flyball, 9, EV 97.5 MPH)
|
|
Batting: RHB Preston Deakyne
|
0-0: Ball 1-0: DOUBLE (Line Drive, 9LM, EV 105.6 MPH) Rusty Ney to third Runner from 3rd tries for Home, throw by RF and OUT! 9-4-2
|
| Bottom of the 7th over - 0 runs, 2 hits, 0 errors, 1 left on base; Texas 6 - California 2 |
| TOP OF THE 8TH |
|
Texas Rangers batting - Pitching for California Angels : LHP Steve Cooper
|
|
Batting: RHB Hiroshige Yamada
|
0-0: Ground out 6-3 (Groundball, 6, EV 92.5 MPH)
|
|
Batting: LHB Jake Rheaume
|
0-0: Ball 1-0: Ball 2-0: Foul Ball, location: 2F 2-1: Ball 3-1: Swinging Strike 3-2: Strikes out swinging
|
|
Batting: LHB Sean Geisler
|
0-0: Ball 1-0: Fly out, F9 (Line Drive, 89M, EV 105.0 MPH)
|
| Top of the 8th over - 0 runs, 0 hits, 0 errors, 0 left on base; Texas 6 - California 2 |
| BOTTOM OF THE 8TH |
|
California Angels batting - Pitching for Texas Rangers : LHP Ragnar Danielsson
|
|
Batting: LHB Mark Reeg
|
0-0: Foul Ball, location: 2F 0-1: Foul Ball, location: 2F 0-2: Fly out, F7 (Flyball, 7LS, EV 82.5 MPH)
|
|
Batting: RHB Alain Delhaye
|
0-0: Ball 1-0: Ball 2-0: Ball 3-0: Base on Balls
|
|
Batting: RHB Avery Maxwell
|
0-0: Ball 1-0: Foul Ball, location: 2F 1-1: Foul Ball, location: 2F 1-2: Strikes out swinging
|
|
Pitching: RHP Gavin Nelson
|
|
|
Batting: LHB Micah Miller
|
0-0: Foul Ball, location: 2F 0-1: Called Strike 0-2: Strikes out swinging
|
| Bottom of the 8th over - 0 runs, 0 hits, 0 errors, 1 left on base; Texas 6 - California 2 |
| TOP OF THE 9TH |
|
Texas Rangers batting - Pitching for California Angels : LHP Steve Cooper
|
|
Batting: RHB Marc Peckermark
|
0-0: Ball 1-0: Foul Ball, location: 2F 1-1: Foul Ball, location: 2F 1-2: Foul Ball, location: 2F 1-2: SINGLE (Groundball, 4MS, EV 73.1 MPH) (infield hit)
|
|
Batting: RHB Zhao-ji Chi
|
0-0: Called Strike 0-1: Called Strike 0-2: Ball 1-2: Strikes out swinging
|
|
Pitching: RHP Jose Saenz
|
|
|
Batting: RHB Imbart Faber
|
0-0: Called Strike 0-1: Ball 1-1: Ball 2-1: Called Strike Marc Peckermark steals 2nd base 2-2: Strikes out swinging
|
|
Batting: RHB Travis Robinson
|
0-0: Called Strike 0-1: Ball 1-1: Called Strike 1-2: Strikes out swinging
|
| Top of the 9th over - 0 runs, 1 hit, 0 errors, 1 left on base; Texas 6 - California 2 |
| BOTTOM OF THE 9TH |
|
California Angels batting - Pitching for Texas Rangers : RHP Gavin Nelson
|
|
Batting: LHB Jonathon Walton
|
0-0: Called Strike 0-1: Ball 1-1: Fly out, F8 (Flyball, 8LD, EV 98.1 MPH)
|
|
Batting: RHB Ryan Munro
|
0-0: Called Strike 0-1: DOUBLE (Groundball, 5L, EV 106.9 MPH)
|
|
Batting: LHB Rusty Ney
|
0-0: Ball 1-0: Ground out 5-3 (Groundball, 56S, EV 85.0 MPH)
|
|
Batting: RHB Nick Dunn
|
0-0: Called Strike 0-1: Swinging Strike 0-2: Ball 1-2: Strikes out swinging
|
| Bottom of the 9th over - 0 runs, 1 hit, 0 errors, 1 left on base; Texas 6 - California 2 |
|